 Dungeon Crawl Stone Soup version 0.22-a0-601-gb0ed703 (webtiles) character file.

2551 sking99 the Thaumaturge (level 9, -5/65 HPs)
             Began as a Gnoll Wizard on July 6, 2018.
             Was a Believer of Kikubaaqudgha.
             Slain by a hog (13 damage)
             ... on level 7 of the Dungeon.
             The game lasted 00:19:40 (7810 turns).

sking99 the Thaumaturge (Gnoll Wizard)              Turns: 7810, Time: 00:19:41

Health: -5/65      AC:  6    Str:  9    XL:     9   Next: 56%
Magic:  1/30       EV: 16    Int: 24    God:    Kikubaaqudgha [**....]
Gold:   441        SH:  0    Dex: 19    Spells: 8/24 levels left

rFire    . . .     SeeInvis +   u - +2 dagger (drain)
rCold    . . .     Gourm    .   (no shield)
rNeg     . . .     Faith    .   y - +1 leather armour "Oworoi" {SInv}
rPois    .         Spirit   .   b - +1 hat
rElec    .         Reflect  .   (no cloak)
rCorr    .         Harm     .   (no gloves)
MR       .....                  g - +0 pair of boots
Stlth    +++.......             (no amulet)
HPRegen  0.20/turn              q - ring of magical power
MPRegen  0.22/turn              r - +5 ring of dexterity

@: no status effects
A: distributed training, fangs 1, strong nose
a: Receive Corpses, Renounce Religion


You were on level 7 of the Dungeon.
You worshipped Kikubaaqudgha.
Kikubaaqudgha was pleased with you.
You were not hungry.

You visited 2 branches of the dungeon, and saw 8 of its levels.

You collected 441 gold pieces.

Inventory:

Hand Weapons
 u - a +2 dagger of draining (weapon)
Armour
 a - a +0 robe
 b - a +1 hat (worn)
 g - a +0 pair of boots (worn)
 y - the +1 leather armour "Oworoi" (worn) {SInv}
   (You found it on level 7 of the Dungeon)

   It lets you see invisible.
Jewellery
 q - a ring of magical power (left hand)
 r - a +5 ring of dexterity (right hand)
 w - an uncursed amulet of harm {unknown}
Wands
 p - a wand of flame (42)
Scrolls
 i - a scroll of identify
 j - 4 scrolls of remove curse
 n - 2 scrolls of fear
 s - 2 scrolls of enchant armour
 t - a scroll of amnesia {unknown}
 x - 2 scrolls of teleportation
Potions
 c - a potion of resistance {unknown}
 e - a potion of magic {unknown}
 h - 5 potions of curing
 k - 2 potions of heal wounds
 l - a potion of degeneration {unknown}
 m - 5 potions of flight
 o - 3 potions of agility
 v - a potion of lignification {unknown}
 z - 3 potions of might {unknown}
 A - a potion of invisibility {unknown}
 B - 2 potions of brilliance {unknown}
 C - 2 potions of haste {unknown}
Comestibles
 d - 8 rations


   Skills:
 + Level 4.3 Fighting
 + Level 4.3 Short Blades
 + Level 4.3 Long Blades
 + Level 4.3 Axes
 + Level 4.3 Maces & Flails
 + Level 4.3 Polearms
 + Level 4.3 Staves
 + Level 4.3 Slings
 + Level 4.3 Bows
 + Level 4.3 Crossbows
 + Level 4.3 Throwing
 + Level 4.3 Armour
 + Level 6.3 Dodging
 + Level 6.1 Stealth
 + Level 4.3 Shields
 + Level 4.3 Unarmed Combat
 + Level 8.4 Spellcasting
 + Level 4.2 Conjurations
 + Level 3.5 Hexes
 + Level 3.5 Charms
 + Level 4.2 Summonings
 + Level 3.5 Necromancy
 + Level 4.2 Translocations
 + Level 3.5 Transmutations
 + Level 3.5 Fire Magic
 + Level 3.5 Ice Magic
 + Level 3.5 Air Magic
 + Level 3.5 Earth Magic
 + Level 3.5 Poison Magic
 + Level 4.7 Invocations
 + Level 4.3 Evocations


You had 8 spell levels left.
You knew the following spells:

 Your Spells              Type           Power        Failure   Level  Hunger
a - Magic Dart            Conj           ####         1%          1    None
b - Blink                 Tloc           N/A          2%          2    None
c - Call Imp              Summ           ####....     2%          2    None
d - Conjure Flame         Conj/Fire      ####....     5%          3    None
e - Mephitic Cloud        Conj/Pois/Air  ####....     5%          3    None
q - Vampiric Draining     Necr           ####......   6%          3    None
x - Sublimation of Blood  Necr           ####......   3%          2    None

Your spell library contained the following spells:

 Spells                   Type           Power        Failure   Level  Hunger
 Lightning Bolt           Conj/Air       ####......   43%         5    ####...
 Slow                     Hex            ####....     3%          2    None
 Pain                     Necr           ####         1%          1    None
 Corpse Rot               Necr           N/A          3%          2    None
 Shock                    Conj/Air       ####         1%          1    None
 Swiftness                Chrm/Air       ####....     3%          2    None
 Airstrike                Air            ####......   21%         4    ##.....
 Static Discharge         Conj/Air       ####....     5%          3    None


Dungeon Overview and Level Annotations

Branches:
Dungeon (7/15)             Temple (1/1) D:4

Altars:
Ashenzari
Cheibriados
Dithmenos
Elyvilon
Fedhas
Gozag
Kikubaaqudgha
Makhleb
Nemelex Xobeh
Okawaru
Qazlal
Ru
Trog
Wu Jian
Xom
Zin
The Shining One
Beogh

Annotations:
D:7 3 runed doors, kirsanium's ghost, novice GnSk


Innate Abilities, Weirdness & Mutations

Your experience applies equally to all skills.
You have very sharp teeth.
Your uncanny sense of smell can sniff out nearby items.


Message History

* * * LOW HITPOINT WARNING * * *
Casting: Sublimation of Blood (safe; 3% risk of failure)
Confirm with . or Enter, or press ? or * to list all spells.
Aiming: Vampiric Draining (safe; 6% risk of failure)
Press: ? - help, Shift-Dir - straight line, f/p - hog
Aim: a hog (lightly wounded)
The hog is moderately wounded.
You feel life coursing into your body. The hog barely misses you.
Casting: Vampiric Draining (safe; 6% risk of failure)
Confirm with . or Enter, or press ? or * to list all spells.
Aiming: Vampiric Draining (safe; 6% risk of failure)
Press: ? - help, Shift-Dir - straight line, f/p - hog
Aim: a hog (moderately wounded)
The hog is heavily wounded.
You feel life coursing into your body. The hog bites you!
* * * LOW HITPOINT WARNING * * *
The hog completely misses you. The hog bites you!
You die...
Kikubaaqudgha rasps: "You have failed me!
Welcome... death!"

#...#### #.#.#.# ##.## #.###
#...#.# #..# #.# ###..)####
#..# #####.## #..)...#####..#
#......##### ##..###.........
#......#...### #...######......
#.......#....###.#...#....##...
#######..........#.....#####...
####.#.#@h.##.....## ##..
#.#..#..........## #..
#.##.......###...###..
#..........###.#..##..
########.......##.##.###.
#######8# #........#........
8.....#.# #..........###....
..##..#.# ##................
..8#..#.# #............####


You could see a hog.

Vanquished Creatures
  A wraith (D:5)
  Eustachio (D:6)
  A hog (D:7)
  A human (D:7)
  2 sky beasts
  4 ogres
  4 centaurs
  A crocodile (D:7)
  3 bullfrogs
  2 scorpions
  3 wights (D:6)
  A crimson imp (D:6)
  2 hounds
  A bullfrog skeleton (D:4)
  2 orc priests
  2 jellies
  An iguana (D:5)
  A worker ant (D:5)
  Natasha (thrice) (D:3)
  5 orc wizards
  A hound skeleton (D:4)
  A worker ant zombie (D:6)
  A gnoll (D:1)
  4 adders
  2 oozes
  2 worms
  3 leopard geckos
  29 orcs
  7 giant cockroaches
  11 goblins
  4 hobgoblins
  10 jackals
  5 kobolds
  2 quokkas
  2 ball pythons
  5 bats
  2 frilled lizards
  A leopard gecko zombie (D:5)
  A quokka zombie (D:5)
  7 rats
141 creatures vanquished.

Vanquished Creatures (collateral kills)
  Ijyb (D:3)
  An adder (D:5)
  2 orcs (D:4)
4 creatures vanquished.

Grand Total: 145 creatures vanquished

Notes
Turn   | Place    | Note
-------+----------+-------------------------------------------
     0 | D:1      | sking99 the Gnoll Wizard began the quest for the Orb.
     0 | D:1      | Reached XP level 1. HP: 13/13 MP: 8/8
    90 | D:1      | Reached XP level 2. HP: 6/19 MP: 0/10
   608 | D:1      | Reached XP level 3. HP: 25/25 MP: 7/11
   799 | D:1      | Learned a level 2 spell: Blink
   802 | D:1      | Learned a level 2 spell: Call Imp
   806 | D:1      | Learned a level 3 spell: Conjure Flame
   810 | D:1      | Learned a level 3 spell: Mephitic Cloud
  1037 | D:1      | Reached skill level 1 in Invocations
  1300 | D:2      | Found a sparkling altar of Nemelex Xobeh.
  1719 | D:2      | Reached skill level 1 in Fighting
  1719 | D:2      | Reached skill level 1 in Short Blades
  1719 | D:2      | Reached skill level 1 in Long Blades
  1719 | D:2      | Reached skill level 1 in Axes
  1719 | D:2      | Reached skill level 1 in Maces & Flails
  1719 | D:2      | Reached skill level 1 in Polearms
  1719 | D:2      | Reached skill level 1 in Staves
  1719 | D:2      | Reached skill level 1 in Slings
  1719 | D:2      | Reached skill level 1 in Bows
  1719 | D:2      | Reached skill level 1 in Crossbows
  1719 | D:2      | Reached skill level 1 in Throwing
  1719 | D:2      | Reached skill level 1 in Armour
  1719 | D:2      | Reached skill level 1 in Shields
  1719 | D:2      | Reached skill level 1 in Unarmed Combat
  1719 | D:2      | Reached skill level 1 in Evocations
  1975 | D:3      | Noticed Ijyb
  1994 | D:3      | Killed Ijyb
  1994 | D:3      | Reached XP level 4. HP: 10/32 MP: 0/13
  2372 | D:3      | Noticed Natasha
  2376 | D:3      | Killed Natasha
  2376 | D:3      | Reached skill level 1 in Hexes
  2376 | D:3      | Reached skill level 1 in Charms
  2376 | D:3      | Reached skill level 1 in Necromancy
  2376 | D:3      | Reached skill level 1 in Transmutations
  2376 | D:3      | Reached skill level 1 in Fire Magic
  2376 | D:3      | Reached skill level 1 in Ice Magic
  2376 | D:3      | Reached skill level 1 in Air Magic
  2376 | D:3      | Reached skill level 1 in Earth Magic
  2376 | D:3      | Reached skill level 1 in Poison Magic
  2565 | D:3      | Found a shattered altar of Ashenzari.
  2709 | D:3      | Reached XP level 5. HP: 37/37 MP: 9/14
  2809 | D:3      | Noticed Natasha
  2817 | D:3      | Killed Natasha
  3136 | D:3      | Noticed Natasha
  3141 | D:3      | Killed Natasha
  3419 | D:4      | Found a staircase to the Ecumenical Temple.
  3425 | Temple   | Entered the Ecumenical Temple
  3477 | Temple   | Became a worshipper of Kikubaaqudgha
  3705 | D:4      | Reached XP level 6. HP: 38/44 MP: 13/16
  3870 | D:4      | Reached skill level 5 in Dodging
  3958 | D:4      | Noticed a sky beast
  3968 | D:4      | Killed a sky beast
  3968 | D:4      | Reached XP level 7. HP: 41/50 MP: 18/18
  4366 | D:5      | Entered Level 5 of the Dungeon
  4646 | D:5      | Reached * piety under Kikubaaqudgha
  4646 | D:5      | Identified Kikubaaqudgha's Grimoire of Sinister Rites (Kikubaaqudgha gifted it to you on level 5 of the Dungeon)
  4646 | D:5      | Received a gift from Kikubaaqudgha
  4681 | D:5      | Learned a level 2 spell: Sublimation of Blood
  4753 | D:5      | Noticed a wraith
  4773 | D:5      | Killed a wraith
  4773 | D:5      | Reached skill level 5 in Stealth
  4910 | D:5      | Got a warped whip
  4911 | D:5      | Identified the cursed +1 whip of the Sea {antimagic, MR- Int+4 Dex+8} (You found it on level 5 of the Dungeon)
  5047 | D:5      | Reached XP level 8. HP: 57/57 MP: 12/19
  5154 | D:5      | Learned a level 3 spell: Vampiric Draining
  5459 | D:6      | Noticed Eustachio
  5571 | D:6      | Killed Eustachio
  5872 | D:6      | Reached skill level 8 in Spellcasting
  6344 | D:6      | Reached XP level 9. HP: 62/65 MP: 21/21
  6505 | D:6      | Found an opulent altar of Gozag.
  7018 | D:6      | Found an ornate altar of the Wu Jian Council.
  7184 | D:7      | Reached ** piety under Kikubaaqudgha
  7227 | D:7      | Got a slimy leather armour
  7228 | D:7      | Identified the +1 leather armour "Oworoi" {SInv} (You found it on level 7 of the Dungeon)
  7727 | D:7      | Found a runed gate.
  7731 | D:7      | Found a runed gate.
  7732 | D:7      | Found a runed gate.
  7733 | D:7      | Noticed kirsanium's ghost (novice GnSk)
  7740 | D:7      | Found a roughly hewn altar of Beogh.
  7810 | D:7      | Slain by a hog

Vault maps used:
D:1:      dpeg_arrival_tiny_h, chequers_big_river, st_stairs_5,
          minmay_small_reverse_x
D:2:      nemelex_xobeh_ov_fountains_minmay, first_ration
D:3:      lemuel_crystal_altar, uniq_ijyb, uniq_natasha
D:4:      temple_green
D:5:      kennysheep_spiral_hall, kennysheep_generic_room_2
D:6:      nicolae_whirlpool, lemuel_coloured_pillars_altar,
          grunt_gozag_breadcrumbs, uniq_eustachio
D:7:      biasface_ghost_orc_armoury, grunt_livestock, kennysheep_pointless_box
Temple:   cyrus_circular_temple

Skill      XL: |  1  2  3  4  5  6  7  8  9 |
---------------+----------------------------+-----
Conjurations   | 2 3 4 |  4.2
Summonings     | 2 3 4 |  4.2
Translocations | 2 3 4 |  4.2
Invocations    | 1 2 3 4 |  4.7
Fighting       | 1 2 3 4 |  4.3
Short Blades   | 1 2 3 4 |  4.3
Long Blades    | 1 2 3 4 |  4.3
Axes           | 1 2 3 4 |  4.3
Maces & Flails | 1 2 3 4 |  4.3
Polearms       | 1 2 3 4 |  4.3
Staves         | 1 2 3 4 |  4.3
Slings         | 1 2 3 4 |  4.3
Bows           | 1 2 3 4 |  4.3
Crossbows      | 1 2 3 4 |  4.3
Throwing       | 1 2 3 4 |  4.3
Armour         | 1 2 3 4 |  4.3
Shields        | 1 2 3 4 |  4.3
Unarmed Combat | 1 2 3 4 |  4.3
Evocations     | 1 2 3 4 |  4.3
Hexes          | 1 2 3 |  3.5
Charms         | 1 2 3 |  3.5
Necromancy     | 1 2 3 |  3.5
Transmutations | 1 2 3 |  3.5
Fire Magic     | 1 2 3 |  3.5
Ice Magic      | 1 2 3 |  3.5
Air Magic      | 1 2 3 |  3.5
Earth Magic    | 1 2 3 |  3.5
Poison Magic   | 1 2 3 |  3.5
Dodging        | 5 6 |  6.3
Stealth        | 5 6 |  6.1
Spellcasting   | 8 |  8.4

Action                   |  1- 3 |  4- 6 |  7- 9 || total
-------------------------+-------+-------+-------++-------
Melee: Unarmed           |     6 |       |       ||     6
       Bite              |     1 |       |       ||     1
       Hand axe          |     3 |     6 |       ||     9
 Cast: Magic Dart        |    97 |    98 |   319 ||   514
       Call Imp          |     3 |     1 |     8 ||    12
       Conjure Flame     |       |     1 |       ||     1
       Vampiric Draining |       |       |    21 ||    21
       Blink             |       |       |     2 ||     2
       Mephitic Cloud    |       |       |     3 ||     3
       Sublimation of Bl |       |       |     1 ||     1
  Use: Scroll            |       |     6 |     8 ||    14
  Eat: Chunk             |     3 |     6 |     5 ||    14
       Ration            |       |       |     2 ||     2
Armor: Robe              |    13 |     3 |    32 ||    48
       Leather armour    |       |       |     1 ||     1
Dodge: Dodged            |    40 |    15 |   169 ||   224

Table legend:
 A = Spawn XP
 B = Non-spawn XP
 C = Spawn XP percentage of total XP
 D = Spawn monster count
 E = Non-spawn monster count
 F = Spawn count percentage of total count
 G = Total turns spent on level
                    A         B        C        D         E        F      G
               +---------+---------+-------+---------+---------+-------+---------
         Total |       0 |    3645 |   0.0 |       0 |     145 |   0.0 |  7810
               +---------+---------+-------+---------+---------+-------+---------
           D:1 |       0 |      58 |   0.0 |       0 |      27 |   0.0 |  1204
           D:2 |       0 |      23 |   0.0 |       0 |      13 |   0.0 |   761
           D:3 |       0 |     164 |   0.0 |       0 |      16 |   0.0 |  1291
           D:4 |       0 |     442 |   0.0 |       0 |      20 |   0.0 |  1048
           D:5 |       0 |     659 |   0.0 |       0 |      20 |   0.0 |  1238
           D:6 |       0 |    1257 |   0.0 |       0 |      26 |   0.0 |  1461
           D:7 |       0 |    1042 |   0.0 |       0 |      23 |   0.0 |   745
               +---------+---------+-------+---------+---------+-------+---------
